MID
SOUTH BEND CUBS @ HAGERSTOWN SUNS
04/07/2047
 
TOP OF THE 1ST
South Bend Cubs batting - Pitching for Hagerstown Suns : LHP Peni Keli'i
Pitching: LHP Peni Keli'i
Batting: RHB Du Kim 0-0: Ball
1-0: Ball
2-0: Ball
3-0: Base on Balls
Batting: RHB Jon Aguilar 0-0: Ball
1-0: Ball
2-0: Foul Ball, location: 2F
2-1: Foul Ball, location: 2F
2-2: Strikes out swinging
Batting: RHB Nick Beecher 0-0: Foul Ball, location: 2F
0-1: Foul Ball, location: 2F
0-2: Grounds into double play, 6-4-3 (Groundball, 6, EV 86.2 MPH)
Top of the 1st over - 0 runs, 0 hits, 0 errors, 0 left on base; South Bend 0 - Hagerstown 0
BOTTOM OF THE 1ST
Hagerstown Suns batting - Pitching for South Bend Cubs : LHP Matt Tomlinson
Pitching: LHP Matt Tomlinson
Batting: RHB Antonio Morado 0-0: Called Strike
0-1: Ball
1-1: Called Strike
1-2: Foul Ball, location: 2F
1-2: Ball
2-2: Ground out U3 (Groundball, 3, EV 80.0 MPH)
Batting: RHB Derek Moran 0-0: Called Strike
0-1: Ball
1-1: Ball
2-1: Ball
3-1: Fly out, F7 (Line Drive, 7, EV 109.4 MPH)
Batting: LHB Chance McWilliams 0-0: Called Strike
0-1: Ball
1-1: Ground out U3 (Groundball, 3L, EV 108.1 MPH)
Bottom of the 1st over - 0 runs, 0 hits, 0 errors, 0 left on base; South Bend 0 - Hagerstown 0
TOP OF THE 2ND
South Bend Cubs batting - Pitching for Hagerstown Suns : LHP Peni Keli'i
Batting: LHB Alex Ramos 0-0: Called Strike
0-1: Ball
1-1: Ball
2-1: Ball
3-1: Base on Balls
Batting: LHB Melvin Salgado 0-0: Ball
1-0: Ball
2-0: Foul Ball, location: 2F
2-1: Foul Ball, location: 2F
2-2: Hit by Pitch
Alex Ramos to second
Batting: LHB Sumiki Okuhara 0-0: Called Strike
0-1: Foul Ball, location: 2F
0-2: Foul Ball, location: 2F
0-2: Fielders Choice at 2nd, 1-6 (Groundball, 34S, EV 68.8 MPH)
Alex Ramos to third
Batting: RHB Tim Long 0-0: Ball
1-0: Ball
2-0: Foul Ball, location: 2F
2-1: TRIPLE (Flyball, 89XD, EV 96.9 MPH)
Alex Ramos scores
Sumiki Okuhara scores
Batting: RHB Jerry Blas 0-0: Ball
1-0: Ball
2-0: Swinging Strike
2-1: Swinging Strike
2-2: Ball
3-2: Strikes out swinging
Batting: RHB Bartolo Aguilar 0-0: Foul Ball, location: 2F
0-1: Called Strike
0-2: Strikes out looking
Top of the 2nd over - 2 runs, 1 hit, 0 errors, 1 left on base; South Bend 2 - Hagerstown 0
BOTTOM OF THE 2ND
Hagerstown Suns batting - Pitching for South Bend Cubs : LHP Matt Tomlinson
Batting: RHB Deshawn Boseman 0-0: Called Strike
0-1: Foul Ball, location: 2F
0-2: Ball
1-2: Strikes out swinging
Batting: RHB Steve Bauman 0-0: Swinging Strike
0-1: Fly out, F7 (Line Drive, 7LM, EV 88.8 MPH)
Batting: RHB Er Le 0-0: Ball
1-0: Called Strike
1-1: Swinging Strike
1-2: Foul Ball, location: 2F
1-2: Strikes out swinging
Bottom of the 2nd over - 0 runs, 0 hits, 0 errors, 0 left on base; South Bend 2 - Hagerstown 0
TOP OF THE 3RD
South Bend Cubs batting - Pitching for Hagerstown Suns : LHP Peni Keli'i
Batting: RHB Du Kim 0-0: Swinging Strike
0-1: Called Strike
0-2: Ball
1-2: Strikes out swinging
Batting: RHB Jon Aguilar 0-0: Called Strike
0-1: Swinging Strike
0-2: Foul Ball, location: 2F
0-2: Ball
1-2: Strikes out swinging
Batting: RHB Nick Beecher 0-0: Ball
1-0: Foul Ball, location: 2F
1-1: Foul Ball, location: 2F
1-2: Foul Ball, location: 2F
1-2: Strikes out looking
Top of the 3rd over - 0 runs, 0 hits, 0 errors, 0 left on base; South Bend 2 - Hagerstown 0
BOTTOM OF THE 3RD
Hagerstown Suns batting - Pitching for South Bend Cubs : LHP Matt Tomlinson
Batting: RHB Jelexiz Cuenca 0-0: Ball
1-0: Ball
2-0: Ground out 5-3 (Groundball, 56S, EV 85.0 MPH)
Batting: SHB Alex Medina 0-0: Swinging Strike
0-1: Swinging Strike
0-2: Ball
1-2: Strikes out swinging
Batting: RHB Scott Skoglund 0-0: Ball
1-0: Ball
2-0: Foul Ball, location: 2F
2-1: Ball
3-1: Base on Balls
Batting: RHB Antonio Morado 0-0: Ball
1-0: Called Strike
1-1: Swinging Strike
1-2: Ground out 4-3 (Groundball, 4, EV 86.2 MPH)
Bottom of the 3rd over - 0 runs, 0 hits, 0 errors, 1 left on base; South Bend 2 - Hagerstown 0
TOP OF THE 4TH
South Bend Cubs batting - Pitching for Hagerstown Suns : LHP Peni Keli'i
Batting: LHB Alex Ramos 0-0: SINGLE (Groundball, 34D, EV 95.6 MPH)
Batting: LHB Melvin Salgado 0-0: Swinging Strike
0-1: Ball
1-1: Ball
2-1: Ball
3-1: Foul Ball, location: 2F
3-2: Grounds into double play, U6-3 (Groundball, 4MD, EV 93.1 MPH)
Batting: LHB Sumiki Okuhara 0-0: Foul Ball, location: 2F
0-1: Called Strike
0-2: Strikes out swinging
Top of the 4th over - 0 runs, 1 hit, 0 errors, 0 left on base; South Bend 2 - Hagerstown 0
BOTTOM OF THE 4TH
Hagerstown Suns batting - Pitching for South Bend Cubs : LHP Matt Tomlinson
Batting: RHB Derek Moran 0-0: Ball
1-0: SINGLE (Flyball, 6D, EV 90.0 MPH)
Batting: LHB Chance McWilliams 0-0: Swinging Strike
0-1: Called Strike
0-2: SINGLE (Line Drive, 78S, EV 106.9 MPH)
Derek Moran to second
Batting: RHB Deshawn Boseman 0-0: Foul Ball, location: 2F
0-1: Ball
1-1: Called Strike
1-2: Ball
2-2: Ball
3-2: Strikes out swinging
Batting: RHB Steve Bauman 0-0: Ball
1-0: Foul Ball, location: 2F
1-1: Swinging Strike
1-2: Ball
2-2: Foul Ball, location: 2F
2-2: Ball
3-2: Foul Ball, location: 2F
3-2: Base on Balls
Derek Moran to third
Chance McWilliams to second
Batting: RHB Er Le 0-0: Fly out, F7 (Flyball, 78S, EV 90.0 MPH)
Runner from 3rd tags up, OUT at HOME! 7-2
Bottom of the 4th over - 0 runs, 2 hits, 0 errors, 2 left on base; South Bend 2 - Hagerstown 0
TOP OF THE 5TH
South Bend Cubs batting - Pitching for Hagerstown Suns : LHP Peni Keli'i
Batting: RHB Tim Long 0-0: Ball
1-0: Ball
2-0: Ball
3-0: Base on Balls
Batting: RHB Jerry Blas 0-0: Ball
1-0: Fly out, F8 (Flyball, 8LD, EV 108.1 MPH)
Batting: RHB Bartolo Aguilar 0-0: Called Strike
0-1: Ball
1-1: Ball
2-1: Called Strike
2-2: Strikes out swinging
Batting: RHB Du Kim 0-0: Ball
1-0: Ball
2-0: Ball
3-0: Base on Balls
Tim Long to second
Batting: RHB Jon Aguilar 0-0: Ball
1-0: Foul Ball, location: 2F
1-1: SINGLE (Line Drive, 6D, EV 103.1 MPH)
Tim Long to third
Du Kim to second
Runner from 3rd tries for Home, SAFE, throw by LF to home
Now in LF: Travis Stanley
Batting: RHB Nick Beecher 0-0: Ball
1-0: Fly out, F9 (Flyball, 89D, EV 105.0 MPH)
Top of the 5th over - 1 run, 1 hit, 0 errors, 2 left on base; South Bend 3 - Hagerstown 0
BOTTOM OF THE 5TH
Hagerstown Suns batting - Pitching for South Bend Cubs : LHP Matt Tomlinson
Batting: RHB Jelexiz Cuenca 0-0: Foul Ball, location: 2F
0-1: Ball
1-1: Ball
2-1: Ball
3-1: Fly out, F8 (Flyball, 8RXD, EV 106.2 MPH)
Batting: SHB Alex Medina 0-0: Ball
1-0: Swinging Strike
1-1: Foul Ball, location: 2F
1-2: Foul Ball, location: 2F
1-2: Ball
2-2: Ground out 6-3 (Groundball, 6, EV 82.5 MPH)
Pitching: LHP Andres Lobato
Batting: RHB Scott Skoglund 0-0: Ball
1-0: Swinging Strike
1-1: Ball
2-1: Called Strike
2-2: Ball
3-2: Base on Balls
Batting: RHB Antonio Morado 0-0: Ball
1-0: Called Strike
1-1: SINGLE (Groundball, 5S, EV 66.9 MPH) (infield hit)
Scott Skoglund to second
Pitching: RHP Tom Reed
Batting: RHB Derek Moran 0-0: Swinging Strike
0-1: Ball
1-1: Swinging Strike
1-2: Ball
2-2: Foul Ball, location: 2F
2-2: Ball
3-2: Foul Ball, location: 2F
3-2: Foul Ball, location: 2F
3-2: Strikes out swinging
Bottom of the 5th over - 0 runs, 1 hit, 0 errors, 2 left on base; South Bend 3 - Hagerstown 0
TOP OF THE 6TH
South Bend Cubs batting - Pitching for Hagerstown Suns : LHP Peni Keli'i
Batting: LHB Alex Ramos 0-0: Called Strike
0-1: Fly out, F9 (Line Drive, 9S, EV 92.5 MPH)
Pitching: LHP Gregg Huddleston
Batting: LHB Melvin Salgado 0-0: Called Strike
0-1: Called Strike
0-2: Hit by Pitch
Batting: LHB Sumiki Okuhara 0-0: Called Strike
0-1: Grounds into double play, 4-6-3 (Groundball, 4, EV 100.6 MPH)
Top of the 6th over - 0 runs, 0 hits, 0 errors, 0 left on base; South Bend 3 - Hagerstown 0
BOTTOM OF THE 6TH
Hagerstown Suns batting - Pitching for South Bend Cubs : RHP Tom Reed
Batting: RHB Travis Stanley 0-0: Foul Ball, location: 2F
0-1: SINGLE (Line Drive, 34D, EV 95.0 MPH)
Batting: RHB Deshawn Boseman 0-0: Swinging Strike
0-1: Ball
1-1: SINGLE (Flyball, 6MD, EV 96.2 MPH)
Travis Stanley to second
Batting: RHB Steve Bauman 0-0: 3-RUN HOME RUN (Line Drive, 7D, EV 101.9 MPH), Distance : 378 ft
Batting: RHB Er Le 0-0: Called Strike
0-1: Foul Ball, location: 2F
0-2: Ball
1-2: Ball
2-2: Foul Ball, location: 2F
2-2: Foul Ball, location: 2F
2-2: Strikes out looking
Pitching: RHP Carlos Zavala
Batting: RHB Jelexiz Cuenca 0-0: Ball
1-0: Foul Ball, location: 2F
1-1: Foul Ball, location: 2F
1-2: Strikes out swinging
Batting: SHB Alex Medina 0-0: Called Strike
0-1: Foul Ball, location: 2F
0-2: Foul Ball, location: 2F
0-2: Foul Ball, location: 2F
0-2: Hit by Pitch
Batting: RHB Scott Skoglund 0-0: Foul Ball, location: 2F
0-1: Swinging Strike
0-2: Ball
1-2: Strikes out looking
Bottom of the 6th over - 3 runs, 3 hits, 0 errors, 1 left on base; South Bend 3 - Hagerstown 3
TOP OF THE 7TH
South Bend Cubs batting - Pitching for Hagerstown Suns : LHP Gregg Huddleston
Batting: RHB Tim Long 0-0: Ball
1-0: Foul Ball, location: 2F
1-1: Swinging Strike
1-2: Ball
2-2: Ball
3-2: Foul Ball, location: 2F
3-2: Base on Balls
Batting: RHB Jerry Blas 0-0: Called Strike
0-1: Ball
1-1: Ball
2-1: Ball
3-1: Base on Balls
Tim Long to second
Batting: RHB Bartolo Aguilar 0-0: Bunt - Flyout to 23! F3
Batting: RHB Du Kim 0-0: Foul Ball, location: 2F
0-1: Foul Ball, location: 2F
0-2: Ball
1-2: Foul Ball, location: 2F
1-2: Foul Ball, location: 2F
1-2: Ball
2-2: Strikes out looking
Pitching: RHP Chris Lawrence
Batting: RHB Jon Aguilar 0-0: Swinging Strike
0-1: Foul Ball, location: 2F
0-2: Fly out, F7 (Flyball, 7D, EV 97.5 MPH)
Top of the 7th over - 0 runs, 0 hits, 0 errors, 2 left on base; South Bend 3 - Hagerstown 3
BOTTOM OF THE 7TH
Hagerstown Suns batting - Pitching for South Bend Cubs : RHP Carlos Zavala
Batting: RHB Antonio Morado 0-0: Ball
1-0: Swinging Strike
1-1: Ball
2-1: Swinging Strike
2-2: Ground out 6-3 (Groundball, 6, EV 103.1 MPH)
Batting: RHB Derek Moran 0-0: Ground out 4-3 (Groundball, 13, EV 84.4 MPH)
Batting: RHB Travis Stanley 0-0: Ball
1-0: SINGLE (Line Drive, 8RS, EV 99.4 MPH)
Batting: RHB Deshawn Boseman 0-0: Called Strike
0-1: Ball
1-1: Ball
Travis Stanley steals 2nd base
2-1: 2-RUN HOME RUN (Flyball, 9LD, EV 95.0 MPH), Distance : 345 ft
Pitching: RHP Chris Allen
Batting: RHB Steve Bauman 0-0: Ball
1-0: Swinging Strike
1-1: Ball
2-1: Foul Ball, location: 2F
2-2: Strikes out swinging, 2-3 out at first.
Bottom of the 7th over - 2 runs, 2 hits, 0 errors, 0 left on base; South Bend 3 - Hagerstown 5
TOP OF THE 8TH
South Bend Cubs batting - Pitching for Hagerstown Suns : RHP Chris Lawrence
Now in RF: Vince McLane
Batting: RHB Nick Beecher 0-0: Called Strike
0-1: Foul Ball, location: 2F
0-2: Foul Ball, location: 2F
0-2: Strikes out swinging
Pitching: LHP Kevin Besser
Batting: LHB Alex Ramos 0-0: Foul Ball, location: 2F
0-1: Ball
1-1: Ball
2-1: Ball
3-1: Fly out, F7 (Flyball, 7D, EV 89.4 MPH)
Batting: LHB Melvin Salgado 0-0: Swinging Strike
0-1: Ball
1-1: Called Strike
1-2: Strikes out swinging, 2-3 out at first.
Top of the 8th over - 0 runs, 0 hits, 0 errors, 0 left on base; South Bend 3 - Hagerstown 5
BOTTOM OF THE 8TH
Hagerstown Suns batting - Pitching for South Bend Cubs : RHP Chris Allen
Batting: RHB Er Le 0-0: Called Strike
0-1: Ball
1-1: Foul Ball, location: 2F
1-2: Strikes out swinging
Batting: RHB Jelexiz Cuenca 0-0: Ball
1-0: Swinging Strike
1-1: Called Strike
1-2: Ball
2-2: Ball
3-2: Strikes out swinging
Batting: SHB Alex Medina 0-0: Swinging Strike
0-1: Ball
1-1: Ball
2-1: Swinging Strike
2-2: Strikes out looking
Bottom of the 8th over - 0 runs, 0 hits, 0 errors, 0 left on base; South Bend 3 - Hagerstown 5
TOP OF THE 9TH
South Bend Cubs batting - Pitching for Hagerstown Suns : LHP Kevin Besser
Pitching: RHP Jordan Amaker
Batting: LHB Sumiki Okuhara 0-0: DOUBLE (Line Drive, 9LM, EV 110.6 MPH)
Batting: RHB Tim Long 0-0: Ball
1-0: Foul Ball, location: 2F
1-1: Ball
2-1: Swinging Strike
2-2: Strikes out looking
Batting: RHB Jerry Blas 0-0: Swinging Strike
0-1: Swinging Strike
0-2: Ball
1-2: Foul Ball, location: 2F
1-2: Ball
2-2: Strikes out looking
Batting: RHB Bartolo Aguilar 0-0: Ball
1-0: Ball
2-0: Swinging Strike
2-1: Ground out 1-3 (Groundball, 13S, EV 64.4 MPH)
Top of the 9th over - 0 runs, 1 hit, 0 errors, 1 left on base; South Bend 3 - Hagerstown 5
Thursday, December 15th , 2022 - OOTP Baseball 23.9 Build 102